 Dungeon Crawl Stone Soup version 0.27.1-4-g1640c2035a (webtiles) character file.

Game seed: 10562785431377384936

7 Stomo444 the Skirmisher (level 1, -2/18 HPs)
             Began as a Demonspawn Monk on Nov 10, 2021.
             Slain by a gnoll (7 damage)
             ... on level 1 of the Dungeon.
             The game lasted 00:01:07 (396 turns).

Stomo444 the Skirmisher (Demonspawn Monk)            Turns: 396, Time: 00:01:07

Health: -2/18      AC:  2    Str: 11    XL:     1   Next: 83%
Magic:  1/1        EV: 13    Int: 11    God:
Gold:   0          SH:  0    Dex: 15    Spells: 0/0 levels left

rFire    . . .     SeeInvis .   a - +0 mace
rCold    . . .     Faith    .   (no shield)
rNeg     . . .     Spirit   .   b - +0 robe
rPois    .         Reflect  .   (no helmet)
rElec    .         Harm     .   (no cloak)
rCorr    .         Rampage  .   (no gloves)
Will     .....                  (no boots)
Stlth    ++........             (no amulet)
HPRegen  0.06/turn              (no ring)
MPRegen  0.07/turn              (no ring)

@: no status effects
A: no striking features
a: no special abilities


You were on level 1 of the Dungeon.
You visited 1 branch of the dungeon, and saw 1 of its levels.

Inventory:

Hand Weapons
 a - a +0 mace (weapon)
Armour
 b - a +0 robe (worn)


   Skills:
 + Level 3.1 Fighting
 + Level 2.8 Maces & Flails
 + Level 2.8 Dodging
 - Level 1.7 Stealth


You couldn't memorise any spells.
You didn't know any spells.
Your spell library was empty.

Dungeon Overview and Level Annotations

Branches:
Dungeon (1/15)

Altars:

Shops:
D:1 ?


Message History

You barely miss the gnoll. The gnoll hits you with a +0 club.
* * * LOW HITPOINT WARNING * * *
The gnoll hits the plant with a +0 club!
The plant begins to die.
The gnoll barely misses you.
The gnoll hits the plant with a +0 club.
Found 19 sling bullets.
You see here 19 sling bullets.
An endoplasm comes into view.
Okay, then.
You hit the gnoll.
The gnoll is lightly wounded.
The gnoll misses you.
You hit the gnoll.
The gnoll is moderately wounded.
You hit the gnoll but do no damage.
The gnoll is moderately wounded.
The gnoll misses you.
You hit the gnoll.
The gnoll is severely wounded.
The gnoll hits you with a +0 club.
* * * LOW HITPOINT WARNING * * *
You feel better. The gnoll hits you with a +0 club.
You closely miss the gnoll.
The gnoll is severely wounded.
The gnoll misses you. The gnoll hits you with a +0 club.
You hit the gnoll but do no damage.
The gnoll is severely wounded.
The gnoll closely misses you.
You closely miss the gnoll.
The gnoll is severely wounded.
The gnoll barely misses you.
You closely miss the gnoll.
The gnoll is severely wounded.
The gnoll closely misses you.
You barely miss the gnoll.
The gnoll is severely wounded.
The gnoll hits you with a +0 club.
* * * LOW HITPOINT WARNING * * *
The gnoll hits you with a +0 club!
You die...

###.#.###
#...#####..##.......#
.......)# ##.#.#####....#
#.#..#
..#.###.####....#....∩...#
.....#
#.............).....####
#.#..#
#.###...........##..#
#.#..# #.
#.######...###.†# ###.#..#
#. #...# ##.###.###
#....... #.#.###.#
##.###.######.#..... ##..#
#.###.#@##.............. #
..#
#.#.###g#.######.######
.#. #..###.≈≈≈♣# #.# # ..#
##.#.#g≈≈≈≈.# #.# # #.#
##.......≈≈.♣# #.# #
..###.###.#.###.##.## #.#
# ...J........# ####.# #.#
# .#####.#.### #.# #.#
#### #.####### #.# #.#
#...


You could see a gnoll.

Vanquished Creatures
  An endoplasm (D:1)
  A giant cockroach (D:1)
  A hobgoblin (D:1)
  A ball python (D:1)
  A bat (D:1)
  A frilled lizard (D:1)
  A kobold (D:1)
7 creatures vanquished.

Vanquished Creatures (others)
  A plant (D:1)
1 creature vanquished.

Grand Total: 8 creatures vanquished

Notes
Turn   | Place    | Note
-------+----------+-------------------------------------------
     0 | D:1      | Stomo444 the Demonspawn Monk began the quest for the Orb.
     0 | D:1      | Reached XP level 1. HP: 18/18 MP: 1/1
   267 | D:1      | Found Zolo's Magic Scroll Shoppe.
   396 | D:1      | Slain by a gnoll

Illustrated notes

Levels and vault maps discovered:
D:1:      amcnicky_arrival_abandoned_market, layout_loops_ring,
          hellmonk_ecumenical_altar_watching_god, serial_shops,
          nicolae_square_shop, serial_bayou_pond_e

Action                   || total
-------------------------++-------
Melee: Mace              ||    28
  Use: Potion            ||     4
 Stab: Sleeping          ||     1
Armor: Robe              ||     4
Dodge: Dodged            ||    20
